[Event "NJSK 2018 Jeugd A"]
[Site "Assen, Netherlands"]
[Date "2018.05.05"]
[Round "7.5"]
[White "Bekedam, Tyro"]
[Black "Nguyen, Kevin"]
[Result "1-0"]
[TimeControl "40/90m+30m+30sec/move"]
[WhiteElo "1955"]
[BlackElo "2122"]

1. e4 c5 2. Nf3 g6 3. d4 cxd4 4. Nxd4 Nc6 5. Nc3 Bg7 6. Be3 Nf6 7. Bc4 d6 8. f3 Bd7 9. Qd2 O-O 10.
O-O-O Rb8 11. g4 Na5 12. Bb3 b5 13. g5 Nh5 14. f4 b4 15. Nce2 Nxb3+ 16. cxb3 e5 17. fxe5 dxe5 18. Nc2 Bc6 19.
Bxa7 Qxd2+ 20. Rxd2 Rb7 21. Bc5 Rc8 22. Rhd1 Rbb8 23. Bxb4 Bxe4 24. Bd6 Ra8 25. Nc3 Bf3 26. Re1 e4 27.
a4 f5 28. gxf6 Bxf6 29. Kb1 Bh4 30. Rg1 Rd8 31. Nb5 Nf6 32. Ne3 Ne8 33. Nf5 Nxd6 34. Nxh4 Nxb5 35. Nxf3 exf3 36. Rxd8+ Rxd8 37.
axb5 Kg7 38. b6 Kh6 39. Rf1 Rf8 40. b7 g5 41. Rxf3 Rb8 42. Rf7 Kg6 43. Rc7 h5 44. Kc2 Kf5 45.
Rh7 Kg6 46. Rc7 Kf5 47. Kc3 Kg4 48. Rg7 Kh3 49. Rxg5 h4 50. Rg7 Kxh2 51. Kc4 h3 52. Kc5 Rh8 53. Rc7 Kg1 54. Rc8 Rh5+ 55. Kb4 1-0

[Event "NJSK 2018 Jeugd A"]
[Site "Assen, Netherlands"]
[Date "2018.05.05"]
[Round "7.6"]
[White "Kanbier, Max"]
[Black "Van Hoorn, Geert"]
[Result "1-0"]
[TimeControl "40/90m+30m+30sec/move"]
[WhiteElo "1857"]
[BlackElo "2008"]

1. c4 Nf6 2. Nc3 g6 3. d4 d5 4. cxd5 Nxd5 5. e4 Nxc3 6. bxc3 Bg7 7. Bc4 c5 8. Be3 Nc6 9. Ne2 O-O 10.
O-O Na5 11. Bd3 Qc7 12. Rc1 Rd8 13. f4 Bg4 14. h3 Bxe2 15. Qxe2 cxd4 16. cxd4 Qd6 17. e5 Qa3 18. f5 Bxe5 19.
fxg6 fxg6 20. Bc4+ Nxc4 21. Qxc4+ Kh8 22. Rc3 Qa5 23. dxe5 Rac8 24. Qxc8 Rxc8 25. Rxc8 Kg7 26. Rcf8 g5 27.
R8f7+ Kg8 28. Bxg5 Qxe5 29. Bh6 Qe3+ 30. Bxe3 1-0

[Event "NJSK 2018 Jeugd A"]
[Site "Assen, Netherlands"]
[Date "2018.05.05"]
[Round "7.7"]
[White "Reichardt, Robin"]
[Black "Van der Werf, Joel"]
[Result "1/2-1/2"]
[TimeControl "40/90m+30m+30sec/move"]
[WhiteElo "1936"]
[BlackElo "1842"]

1. d4 d5 2. Nf3 Nf6 3. c4 e6 4. Bg5 c6 5. Nbd2 h6 6. Bh4 Be7 7. e3 Nbd7 8. Be2 O-O 9. O-O b6 10.
Rc1 Bb7 11. a3 Rc8 12. b4 a5 13. Qb3 axb4 14. axb4 Ne4 15. Nxe4 dxe4 16. Bxe7 Qxe7 17. Nd2 e5 18. c5 exd4 19.
exd4 bxc5 20. bxc5 Nf6 21. Rb1 Rc7 22. Rfe1 Bc8 23. Bc4 Bf5 24. Nf1 Re8 25. Ne3 Bg6 26. Qa4 Rd8 27. Red1 Qd7 28.
Rb6 Kh7 29. h3 Rdc8 30. Qb3 Qe7 31. Ba6 Rd8 32. Rb7 Rdd7 33. Rb6 Rd8 34. Bc4 Bh5 35. Rd2 Nd7 36. Rb7 Nxc5 37. Rxc7 Qxc7 38.
Qc2 Nd3 39. Bxd3 exd3 40. Qxd3 Bg6 41. Qc3 1/2-1/2

[Event "NJSK 2018 Jeugd A"]
[Site "Assen, Netherlands"]
[Date "2018.05.05"]
[Round "7.8"]
[White "Bueno, Mark"]
[Black "Jongste, David"]
[Result "0-1"]
[TimeControl "40/90m+30m+30sec/move"]
[WhiteElo "1999"]
[BlackElo "2092"]

1. e4 c5 2. Nf3 e6 3. d3 Nc6 4.
g3 d5 5.
Nbd2 Nge7 6. Bg2 g6 7. O-O Bg7 8. Re1 O-O 9. h4 b6 10. Nf1 Bb7 11. e5 Qc7 12. Bf4 d4 13. Qd2 Rfe8 14.
N1h2 Nd5 15. Bh6 Nxe5 16. Bxg7 Nxf3+ 17. Bxf3 Kxg7 18. Ng4 f5 19. Qh6+ Kh8 20. Ne5 Qg7 21. Qd2 Re7 22. c3 dxc3 23.
bxc3 Rd8 24. d4 Nf6 25. Bxb7 Rxb7 26. Qg5 Rd5 27. f3 Rc7 28. Nd3 h6 29. Qe3 cxd4 30. Qxe6 dxc3 31. Nf4 Rd8 32.
Qb3 Rd2 33. Rac1 Rb2 34. Qa3 Ne4 35. Ne2 Nxg3 36. Nxg3 Qd4+ 0-1

[Event "NJSK 2018 Jeugd A"]
[Site "Assen, Netherlands"]
[Date "2018.05.05"]
[Round "7.9"]
[White "Van Dael, Siem"]
[Black "Gijsen, William"]
[Result "1-0"]
[TimeControl "40/90m+30m+30sec/move"]
[WhiteElo "2268"]
[BlackElo "1825"]

1. e4 c5 2. Nf3 Nc6 3. d4 cxd4 4. Nxd4 e5 5. Nb5 d6 6. N1c3 a6 7. Na3 Be7 8. Nc4 b5 9. Ne3 Nf6 10.
f3 Be6 11. Ncd5 O-O 12. c3 Re8 13. a4 b4 14. Bc4 bxc3 15. bxc3 Na5 16. Ba2 Rc8 17. Qd3 Nxd5 18. Bxd5 Qc7 19. Bd2 Bg5 20. O-O Nb3 21. Bxb3 Bxb3 22.
Rfb1 Be6 23. Qxa6 Qc5 24. Qe2 Bxe3+ 25. Bxe3 Qxc3 26. a5 Ra8 27. Rc1 Qb4 28. a6 d5 29. Bc5 Qb3 30. Ra3 Qb8 31.
Ra5 d4 32. Rb5 Qc8 33. Rb6 Qd7 34. Rd6 Qa4 35. f4 f6 36. a7 Bf7 37. Ra6 Qb3 38. Ra3 Qb7 39. f5 Red8 40. Qd3 Re8 41.
h3 Kh8 42. Kh2 Rg8 43. Rb1 Qc6 44. Ra5 Qc7 45. Qa3 Rgc8 46. Bd6 Qc3 47. Rb8 Rg8 48. Qxc3 dxc3 49. Rxa8 Rxa8 50. Bb8 1-0